 Dungeon Crawl Stone Soup version 0.18-a0-1521-g59d19af (console) character file.

1614 Liam the Magician (level 8, -4/46 HPs)
             Began as a High Elf Wizard on Mar 1, 2016.
             Shot with a sling bullet by Joseph (8 damage)
             ... on level 7 of the Dungeon on Mar 7, 2016.
             The game lasted 00:20:12 (9913 turns).

Liam the Magician (High Elf Wizard)                 Turns: 9913, Time: 00:20:12

Health: -4/46      AC:  3    Str:  6    XL:     8   Next: 64%
Magic:  11/19      EV: 12    Int: 25    God:
Gold:   349        SH:  0    Dex: 13    Spells: 6 memorised, 7 levels left

rFire  . . .     SeeInvis .     i - +1 dagger (freeze)
rCold  . . .     Gourm    .     p - +0 robe {MR+}
rNeg   . . .     Faith    .     (no shield)
rPois  +         Spirit   .     b - +0 hat
rElec  .         Dismiss  .     t - +0 cloak
rCorr  .         Reflect  .     (no gloves)
SustAt .         Harm     .     (no boots)
MR     +....                    (no amulet)
Stlth  ++........               k - ring of poison resistance
                                h - ring of wizardry

@: somewhat resistant to hostile enchantments, unstealthy
A: no striking features
a: no special abilities


You were on level 7 of the Dungeon.
You were very hungry.

You visited 1 branch of the dungeon, and saw 7 of its levels.
You also visited: Ossuary.

You collected 349 gold pieces.

Inventory:

Hand Weapons
 i - a +1 dagger of freezing (weapon)
Armour
 b - a +0 hat (worn)
 p - a +0 robe of magic resistance (worn)
 t - a +0 cloak (worn)
Jewellery
 h - a ring of wizardry (left hand)
 k - a ring of poison resistance (right hand)
 l - the ring "Doapnirph" {SustAt rPois rF+ rC+, unknown}
   (You found it on level 5 of the Dungeon)

   [ring of sustain attributes]

   It sustains your strength, intelligence and dexterity.
   It protects you from fire.
   It protects you from cold.
   It protects you from poison.
Scrolls
 j - 2 scrolls of identify
 o - 2 scrolls of teleportation
 u - a scroll of amnesia
 w - a scroll of immolation {unknown}
 y - a scroll of magic mapping
 z - a scroll of random uselessness {unknown}
 B - a scroll of remove curse {unknown}
Potions
 e - 2 potions of berserk rage {unknown}
 f - a potion of invisibility {unknown}
 g - 3 potions of degeneration {unknown}
 m - 3 potions of curing {unknown}
 n - 2 potions of brilliance
 q - a potion of resistance {unknown}
 r - a potion of ambrosia {unknown}
 s - a potion of magic {unknown}
 x - 3 potions of flight {unknown}
Books
 a - a book of Frost

   Spells                             Type                      Level
   a - Freeze                         Ice                          1
   b - Throw Frost                    Conjuration/Ice              2
   c - Ozocubu's Armour               Charms/Ice                   3
   d - Throw Icicle                   Conjuration/Ice              4
   e - Summon Ice Beast               Ice/Summoning                4
 c - a book of Minor Magic

   Spells                             Type                      Level
   a - Magic Dart                     Conjuration                  1
   b - Blink                          Translocation                2
   c - Call Imp                       Summoning                    2
   d - Repel Missiles                 Charms/Air                   2
   e - Slow                           Hexes                        2
   f - Conjure Flame                  Conjuration/Fire             3
   g - Mephitic Cloud                 Conjuration/Poison/Air       3
 C - a book of Maledictions

   Spells                             Type                      Level
   a - Corona                         Hexes                        1
   b - Ensorcelled Hibernation        Hexes/Ice                    2
   c - Confuse                        Hexes                        3
   d - Tukima's Dance                 Hexes                        3
   e - Dazzling Spray                 Conjuration/Hexes            3
Comestibles
 d - 3 bread rations
 v - a meat ration
 A - a royal jelly


   Skills:
 - Level 2.1 Dodging
 - Level 2.1 Stealth
 + Level 6.6 Spellcasting
 + Level 5.4 Conjurations
 + Level 4.3 Charms
 + Level 3.0 Summonings
 + Level 3.7 Translocations
 + Level 2.7 Fire Magic
 + Level 3.7 Air Magic
 + Level 2.4 Poison Magic


You had 7 spell levels left.
You knew the following spells:

 Your Spells              Type           Power        Failure   Level  Hunger
a - Magic Dart            Conj           ####         1%          1    None
b - Blink                 Tloc           N/A          1%          2    None
d - Mephitic Cloud        Conj/Pois/Air  ####....     1%          3    None
e - Conjure Flame         Conj/Fire      ####....     1%          3    None
i - Call Imp              Summ           ###.....     1%          2    None
m - Repel Missiles        Chrm/Air       ####..       1%          2    None


Dungeon Overview and Level Annotations

Branches:
Dungeon (7/15)             Temple (0/1) D:6

Altars:
Elyvilon
Fedhas
Nemelex Xobeh
Pakellas
Qazlal
Xom
Yredelemnul

Annotations:
D:3 PierrePorte's ghost, amateur CeWr
D:6 FrancescoMac's ghost, novice DsGl
D:7 Joseph


Message History

Joseph is lightly wounded.
Casting: Magic Dart
Confirm with . or Enter, or press ? or * to list all spells.
Aiming: Mephitic Cloud
Press: ? - help, Shift-Dir - straight line, p - Joseph The ball explodes into a vile cloud!
The stinking cloud engulfs Joseph.
Joseph is lightly wounded.
Joseph zaps a wand.
You easily resist.
It is a wand of disintegration.
An adder comes into view.
Casting: Mephitic Cloud
Confirm with . or Enter, or press ? or * to list all spells.
Aiming: Magic Dart
Press: ? - help, Shift-Dir - straight line, f - Joseph
Aim: Joseph, wielding a hunting sling of freezing, wearing a leather armour and carrying a wand of disintegration {zapped: 1} (lightly wounded)
The magic dart hits Joseph.
Joseph is lightly wounded.
Joseph shoots a sling bullet.
The sling bullet hits you!
* * * LOW HITPOINT WARNING * * *
The sling bullet freezes you!
You die...

#... ...##
##.... #
....## #
##.#....##.#
###.(.......
.....##...#
#..@§§..@###.#
S##§........#
#§##.###### #
##....###
..#.......#
..........#
.##.......#
#.......#
#.....<.#


You could see Joseph and an adder.

Vanquished Creatures
  Edmund (D:5)
  2 ogres
  2 phantoms (D:4)
  An elf zombie (Ossuary)
  A giant frog (D:6)
  A scorpion (D:4)
  A howler monkey (D:5)
  3 centaur zombies (Ossuary)
  A crimson imp (D:6)
  Crazy Yiuf (D:2)
  An orc priest (D:5)
  2 giant frog skeletons
  A gnoll shaman (D:4)
  2 orc wizards (D:5)
  A centaur skeleton (D:4)
  2 iguanas
  Ijyb (D:3)
  2 worker ants
  2 big kobold zombies (Ossuary)
  3 mummies
  14 gnolls
  A howler monkey skeleton (D:5)
  2 river rats (D:5)
  8 adders
  2 oozes
  2 adder skeletons
  4 adder zombies
  4 worms
  A dart slug (D:2)
  3 giant geckos
  6 orcs
  6 giant cockroaches
  4 gnoll zombies (Ossuary)
  6 hobgoblins
  10 jackals
  2 quokkas
  8 bats
  12 giant newts
  10 goblins
  3 goblin zombies (Ossuary)
  2 hobgoblin zombies (Ossuary)
  A jackal skeleton (D:4)
  4 jackal zombies (Ossuary)
  12 kobolds
  9 kobold zombies
  3 orc zombies
  2 quokka skeletons (D:5)
  2 quokka zombies (Ossuary)
  11 rats
  2 rat zombies (Ossuary)
187 creatures vanquished.

Notes
Turn   | Place    | Note
--------------------------------------------------------------
     0 | D:1      | Liam the High Elf Wizard began the quest for the Orb.
     0 | D:1      | Reached XP level 1. HP: 11/11 MP: 6/6
   221 | D:1      | Reached XP level 2. HP: 13/17 MP: 0/7
   372 | D:1      | Reached skill level 4 in Spellcasting
   917 | D:1      | Learned a level 2 spell: Blink
   920 | D:1      | Learned a level 2 spell: Call Imp
   923 | D:1      | Learned a level 2 spell: Repel Missiles
  1213 | D:2      | Reached XP level 3. HP: 4/21 MP: 0/9
  2145 | D:2      | Learned a level 3 spell: Conjure Flame
  2527 | D:2      | Noticed Crazy Yiuf
  2751 | D:3      | Found an oddly glowing altar of Pakellas.
  2759 | D:3      | Reached XP level 4. HP: 27/27 MP: 5/11
  3043 | D:3      | Reached skill level 5 in Spellcasting
  3503 | D:3      | Noticed Ijyb
  3638 | D:3      | Learned a level 3 spell: Mephitic Cloud
  3650 | D:3      | Noticed PierrePorte's ghost (amateur CeWr)
  3714 | D:3      | Reached XP level 5. HP: 29/31 MP: 6/13
  3926 | D:3      | Upgraded the game from 0.18-a0-1468-gaf180a1 to 0.18-a0-1521-g59d19af
  3932 | D:3      | Killed Ijyb
  4071 | D:3      | Found a white marble altar of Elyvilon.
  4713 | D:2      | Killed Crazy Yiuf
  4713 | D:2      | Reached skill level 1 in Summonings
  5409 | D:3      | Found a basalt altar of Yredelemnul.
  5524 | D:4      | Noticed a phantom
  5542 | D:4      | Killed a phantom
  5542 | D:4      | Reached skill level 1 in Charms
  5542 | D:4      | Reached skill level 1 in Fire Magic
  5542 | D:4      | Reached skill level 1 in Air Magic
  5542 | D:4      | Reached XP level 6. HP: 26/36 MP: 2/15
  5837 | D:4      | Reached skill level 1 in Poison Magic
  6282 | D:5      | Entered Level 5 of the Dungeon
  6465 | D:5      | Noticed Edmund
  6487 | D:4      | Reached XP level 7. HP: 25/41 MP: 0/16
  6738 | D:4      | Found a stormy altar of Qazlal.
  6743 | D:4      | Reached skill level 6 in Spellcasting
  6744 | D:4      | Found a blossoming altar of Fedhas.
  6833 | D:4      | Found a shimmering altar of Xom.
  7296 | D:5      | Reached skill level 5 in Conjurations
  7756 | D:5      | Reached XP level 8. HP: 22/46 MP: 3/18
  8036 | D:5      | Got a slimy glass ring
  8058 | D:5      | Found a sparkling altar of Nemelex Xobeh.
  8335 | D:5      | HP: 1/46 [Edmund/flail of protection (5)]
  8395 | D:5      | Killed Edmund
  8528 | D:6      | Found a staircase to the Ecumenical Temple.
  8538 | D:6      | Noticed FrancescoMac's ghost (novice DsGl)
  8586 | D:6      | Found a sand-covered staircase.
  8631 | Ossuary  | Entered an ossuary
  9907 | D:7      | Noticed Joseph
  9913 | D:7      | Shot with a sling bullet by Joseph

Vault maps used:
D:1:      minmay_arrival_checkered_box
D:2:      hangedman_decor_points, uniq_crazy_yiuf_cottage
D:3:      kennysheep_ying_yang, first_bread, grunt_pakellas_basics, uniq_iyjb
D:4:      grunt_temple_overflow_forces_of_nature, kennysheep_mini_moat
D:5:      lemuel_coloured_pillars_altar, gup_sewer_entry_bowl, uniq_edmund
D:6:      kennysheep_spiral_hall, minmay_temple_entry_overgrown,
          nicolae_ossuary_entry_giza
D:7:      uniq_joseph, uniq_pikel, uniq_menkaure
Ossuary:  minmay_ossuary_two_tombs

Skill      XL: |  1  2  3  4  5  6  7  8 |
---------------+-------------------------+-----
Conjurations   | 2 3 4 5 |  5.4
Spellcasting   | 4 5 6 |  6.6
Summonings     | 1 2 3 |  3.0
Charms         | 1 2 4 |  4.3
Fire Magic     | 1 2 |  2.7
Air Magic      | 1 2 3 |  3.7
Poison Magic   | 1 2 |  2.4
Translocations | 2 3 |  3.7
Dodging        | |  2.1
Stealth        | |  2.1

Action                   |  1- 3 |  4- 6 |  7- 9 || total
-------------------------+-------+-------+-------++-------
Melee: Unarmed           |     3 |       |       ||     3
       Dagger            |    12 |    14 |    27 ||    53
 Cast: Magic Dart        |   156 |   210 |   310 ||   676
       Call Imp          |       |     9 |       ||     9
       Conjure Flame     |       |     5 |    12 ||    17
       Mephitic Cloud    |       |     5 |     7 ||    12
       Blink             |       |     4 |     4 ||     8
  Use: Potion            |     1 |       |     1 ||     2
       Scroll            |       |       |     7 ||     7
 Stab: Confused          |       |     1 |     4 ||     5
       Sleeping          |       |       |     1 ||     1
  Eat: Chunk             |     5 |    10 |     6 ||    21
       Beef jerky        |       |     1 |       ||     1
       Fruit             |       |       |     2 ||     2
       Pizza             |       |       |     1 ||     1
